TOP OF THE 1ST |
Seattle Mariners batting - Pitching for Detroit Tigers : RHP Kevin Hockenbury
|
Pitching: RHP Kevin Hockenbury
|
|
Batting: LHB Dae-ik Yoon
|
0-0: Ball 1-0: Ball 2-0: DOUBLE (Line Drive, 9LS, EV 90.6 MPH)
|
Batting: RHB Jose Vasquez
|
0-0: Bunted foul 0-1: Ball 1-1: Sac Bunt to 13 - play at first, batter OUT! 1-4 Dae-ik Yoon to third
|
Batting: SHB Floyd-William Goof
|
0-0: Called Strike 0-1: Called Strike 0-2: Strikes out swinging
|
Batting: RHB Pavpv Ivanushkin
|
0-0: Called Strike 0-1: Swinging Strike 0-2: Ball 1-2: Foul Ball, location: 2F 1-2: Ground out 5-3 (Groundball, 56S, EV 66.2 MPH)
|
Top of the 1st over - 0 runs, 1 hit, 0 errors, 1 left on base; Seattle 0 - Detroit 0 |
BOTTOM OF THE 1ST |
Detroit Tigers batting - Pitching for Seattle Mariners : RHP Bas Kooy
|
Pitching: RHP Bas Kooy
|
|
Batting: RHB Andres Leon
|
0-0: Foul Ball, location: 2F 0-1: Called Strike 0-2: Ball 1-2: Strikes out swinging
|
Batting: LHB Tyler Davis
|
0-0: Ground out 4-3 (Groundball, 34D, EV 100.0 MPH)
|
Batting: RHB Victor Quinones
|
0-0: Fly out, F8 (Flyball, 8LD, EV 98.1 MPH)
|
Bottom of the 1st over - 0 runs, 0 hits, 0 errors, 0 left on base; Seattle 0 - Detroit 0 |
TOP OF THE 2ND |
Seattle Mariners batting - Pitching for Detroit Tigers : RHP Kevin Hockenbury
|
Batting: RHB Kaeo Zirpoli
|
0-0: Foul Ball, location: 2F 0-1: Swinging Strike 0-2: Foul Ball, location: 2F 0-2: Foul Ball, location: 2F 0-2: Strikes out swinging
|
Batting: LHB Bi-jun Chien
|
0-0: Ball 1-0: Ball 2-0: Called Strike 2-1: Swinging Strike 2-2: Foul Ball, location: 2F 2-2: Hit by Pitch
|
Batting: RHB Jimmy Hammertime
|
0-0: Called Strike 0-1: Ball 1-1: Fly out, F7 (Line Drive, 78M, EV 103.8 MPH)
|
Batting: RHB Harutomi Matsubara
|
0-0: Ball Bi-jun Chien is caught stealing 2nd base 2-4
|
Top of the 2nd over - 0 runs, 0 hits, 0 errors, 0 left on base; Seattle 0 - Detroit 0 |
BOTTOM OF THE 2ND |
Detroit Tigers batting - Pitching for Seattle Mariners : RHP Bas Kooy
|
Batting: LHB Morgan Black
|
0-0: Called Strike 0-1: Ball 1-1: Foul Ball, location: 2F 1-2: Ground out 4-3 (Groundball, 4, EV 84.4 MPH)
|
Batting: RHB Adrian Novakovic
|
0-0: Ball 1-0: Ball 2-0: Called Strike 2-1: Ball 3-1: Called Strike 3-2: Strikes out swinging
|
Batting: RHB Dave Reynolds
|
0-0: Swinging Strike 0-1: Ball 1-1: Called Strike 1-2: Ball 2-2: Strikes out swinging
|
Bottom of the 2nd over - 0 runs, 0 hits, 0 errors, 0 left on base; Seattle 0 - Detroit 0 |
TOP OF THE 3RD |
Seattle Mariners batting - Pitching for Detroit Tigers : RHP Kevin Hockenbury
|
Batting: RHB Harutomi Matsubara
|
0-0: Foul Ball, location: 2F 0-1: SINGLE (Groundball, 56D, EV 102.5 MPH)
|
Batting: RHB Corey Ottinger
|
0-0: Called Strike 0-1: Called Strike 0-2: Strikes out looking
|
Batting: LHB Dae-ik Yoon
|
0-0: Ball 1-0: Foul Ball, location: 2F 1-1: Ball 2-1: Hit by Pitch Harutomi Matsubara to second
|
Batting: RHB Jose Vasquez
|
0-0: Ball 1-0: Called Strike 1-1: Foul Ball, location: 2F 1-2: Ball 2-2: Ball 3-2: SINGLE (Groundball, 56D, EV 97.5 MPH) Harutomi Matsubara to third Dae-ik Yoon to second
|
Batting: SHB Floyd-William Goof
|
0-0: Ball 1-0: Called Strike 1-1: Ball 2-1: Foul Ball, location: 2F 2-2: Ball 3-2: Strikes out swinging
|
Batting: RHB Pavpv Ivanushkin
|
0-0: Foul Ball, location: 2F 0-1: Ball 1-1: Foul Ball, location: 2F 1-2: Strikes out swinging
|
Top of the 3rd over - 0 runs, 2 hits, 0 errors, 3 left on base; Seattle 0 - Detroit 0 |
BOTTOM OF THE 3RD |
Detroit Tigers batting - Pitching for Seattle Mariners : RHP Bas Kooy
|
Batting: RHB Chris Wheatley
|
0-0: Ball 1-0: Ball 2-0: Called Strike 2-1: DOUBLE (Line Drive, 3D, EV 95.0 MPH)
|
Batting: LHB Emmanuel Gaskin
|
0-0: Called Strike 0-1: Ball 1-1: Foul Ball, location: 2F 1-2: Strikes out swinging
|
Batting: SHB Ross Holland
|
0-0: Ball 1-0: Ball 2-0: Ball 3-0: Base on Balls
|
Batting: RHB Andres Leon
|
0-0: Ball 1-0: Called Strike 1-1: Ball 2-1: Swinging Strike 2-2: Strikes out swinging
|
Batting: LHB Tyler Davis
|
0-0: Ball 1-0: Fly out, F2 (Popup, 2RF, EV 87.5 MPH)
|
Bottom of the 3rd over - 0 runs, 1 hit, 0 errors, 2 left on base; Seattle 0 - Detroit 0 |
TOP OF THE 4TH |
Seattle Mariners batting - Pitching for Detroit Tigers : RHP Kevin Hockenbury
|
Batting: RHB Kaeo Zirpoli
|
0-0: Ball 1-0: Swinging Strike 1-1: Swinging Strike 1-2: Ball 2-2: Ball 3-2: Strikes out looking
|
Batting: LHB Bi-jun Chien
|
0-0: Ball 1-0: Foul Ball, location: 2F 1-1: Foul Ball, location: 2F 1-2: Ground out 1-3 (Groundball, 13S, EV 60.0 MPH)
|
Batting: RHB Jimmy Hammertime
|
0-0: Ball 1-0: Ball 2-0: Ball 3-0: Base on Balls
|
Batting: RHB Harutomi Matsubara
|
0-0: Ball 1-0: Ball 2-0: Ball 3-0: Called Strike 3-1: Base on Balls Jimmy Hammertime to second
|
Batting: RHB Corey Ottinger
|
0-0: Called Strike 0-1: Ball 1-1: Fly out, F8 (Flyball, 8RXD, EV 90.0 MPH)
|
Top of the 4th over - 0 runs, 0 hits, 0 errors, 2 left on base; Seattle 0 - Detroit 0 |
BOTTOM OF THE 4TH |
Detroit Tigers batting - Pitching for Seattle Mariners : RHP Bas Kooy
|
Batting: RHB Victor Quinones
|
0-0: Called Strike 0-1: Ball 1-1: Ball 2-1: Ball 3-1: SOLO HOME RUN (Flyball, 9D, EV 99.4 MPH), Distance : 383 ft
|
Batting: LHB Morgan Black
|
0-0: Ball 1-0: Ball 2-0: Called Strike 2-1: Ground out 4-3 (Groundball, 34, EV 101.9 MPH)
|
Batting: RHB Adrian Novakovic
|
0-0: Called Strike 0-1: Ball 1-1: Foul Ball, location: 2F 1-2: Strikes out swinging
|
Batting: RHB Dave Reynolds
|
0-0: Ball 1-0: Called Strike 1-1: Foul Ball, location: 2F 1-2: Ball 2-2: Ball 3-2: SOLO HOME RUN (Flyball, 9D, EV 100.6 MPH), Distance : 381 ft
|
Batting: RHB Chris Wheatley
|
0-0: Ball 1-0: Ball 2-0: Called Strike 2-1: SOLO HOME RUN (Flyball, 89XD, EV 111.2 MPH), Distance : 415 ft
|
Batting: LHB Emmanuel Gaskin
|
0-0: Swinging Strike 0-1: Ball 1-1: Ball 2-1: Foul Ball, location: 2F 2-2: DOUBLE (Line Drive, 89XD, EV 106.2 MPH)
|
Batting: SHB Ross Holland
|
0-0: Foul Ball, location: 2F 0-1: Ball 1-1: Called Strike 1-2: SINGLE (Line Drive, 9S, EV 98.1 MPH) Emmanuel Gaskin to third
|
Batting: RHB Andres Leon
|
0-0: Ball 1-0: Called Strike 1-1: Ground out 4-3 (Groundball, 4S, EV 88.8 MPH)
|
Bottom of the 4th over - 3 runs, 5 hits, 0 errors, 2 left on base; Seattle 0 - Detroit 3 |
TOP OF THE 5TH |
Seattle Mariners batting - Pitching for Detroit Tigers : RHP Kevin Hockenbury
|
Batting: LHB Dae-ik Yoon
|
0-0: Foul Ball, location: 2F 0-1: Ball 1-1: Ball 2-1: Ball 3-1: Base on Balls
|
Batting: RHB Jose Vasquez
|
0-0: Fielders Choice at 2nd, 5-4 (Groundball, 25, EV 88.8 MPH)
|
Batting: SHB Floyd-William Goof
|
0-0: Fly out, F6 (Popup, 4MD, EV 42.5 MPH)
|
Batting: RHB Pavpv Ivanushkin
|
0-0: Called Strike 0-1: Ball Jose Vasquez steals 2nd, throwing error, E2 Jose Vasquez to third 1-1: Ball 2-1: SINGLE (Groundball, 56D, EV 103.1 MPH) Jose Vasquez scores
|
Batting: RHB Kaeo Zirpoli
|
0-0: Called Strike 0-1: SINGLE (Line Drive, 9S, EV 92.5 MPH) Pavpv Ivanushkin to second Runner from 2nd tries for 3rd, SAFE, throw by RF made to third
|
Batting: LHB Bi-jun Chien
|
0-0: Called Strike 0-1: Foul Ball, location: 2F 0-2: Strikes out looking
|
Top of the 5th over - 1 run, 2 hits, 1 error, 2 left on base; Seattle 1 - Detroit 3 |
BOTTOM OF THE 5TH |
Detroit Tigers batting - Pitching for Seattle Mariners : RHP Bas Kooy
|
Batting: LHB Tyler Davis
|
0-0: Called Strike 0-1: Ball 1-1: SINGLE (Line Drive, 4D, EV 99.4 MPH)
|
Batting: RHB Victor Quinones
|
0-0: Called Strike 0-1: Ball 1-1: SINGLE (Line Drive, 8LS, EV 96.9 MPH) Tyler Davis to second
|
Batting: LHB Morgan Black
|
0-0: Called Strike 0-1: Ball 1-1: Ball 2-1: Swinging Strike 2-2: Strikes out looking
|
Batting: RHB Adrian Novakovic
|
0-0: Called Strike 0-1: Called Strike 0-2: Grounds into double play, U4-3 (Groundball, 6M, EV 102.5 MPH)
|
Bottom of the 5th over - 0 runs, 2 hits, 0 errors, 1 left on base; Seattle 1 - Detroit 3 |
TOP OF THE 6TH |
Seattle Mariners batting - Pitching for Detroit Tigers : RHP Kevin Hockenbury
|
Batting: RHB Jimmy Hammertime
|
0-0: Called Strike 0-1: Ball 1-1: Ball 2-1: Foul Ball, location: 2F 2-2: Strikes out swinging
|
Batting: RHB Harutomi Matsubara
|
0-0: Ball 1-0: Swinging Strike 1-1: Foul Ball, location: 2F 1-2: Strikes out swinging
|
Batting: RHB Corey Ottinger
|
0-0: Foul Ball, location: 2F 0-1: Ball 1-1: Ball 2-1: Foul Ball, location: 2F 2-2: Ball 3-2: Strikes out swinging
|
Top of the 6th over - 0 runs, 0 hits, 0 errors, 0 left on base; Seattle 1 - Detroit 3 |
BOTTOM OF THE 6TH |
Detroit Tigers batting - Pitching for Seattle Mariners : RHP Bas Kooy
|
Batting: RHB Dave Reynolds
|
0-0: Ball 1-0: Foul Ball, location: 2F 1-1: Ball 2-1: Ball 3-1: Base on Balls
|
Batting: RHB Chris Wheatley
|
0-0: Swinging Strike 0-1: Ball 1-1: Foul Ball, location: 2F 1-2: Strikes out swinging
|
Batting: LHB Emmanuel Gaskin
|
0-0: Grounds into double play, 4-6-3 (Groundball, 4, EV 84.4 MPH)
|
Bottom of the 6th over - 0 runs, 0 hits, 0 errors, 0 left on base; Seattle 1 - Detroit 3 |
TOP OF THE 7TH |
Seattle Mariners batting - Pitching for Detroit Tigers : RHP Kevin Hockenbury
|
Pitching: LHP Bobby Jones
|
|
Batting: LHB Dae-ik Yoon
|
0-0: Fly out, F9 (Line Drive, 9, EV 94.4 MPH)
|
Pitching: RHP Melvin Medellin
|
|
Batting: RHB Jose Vasquez
|
0-0: Ball 1-0: Ball 2-0: Foul Ball, location: 2F 2-1: Ground out 6-3 (Groundball, 56, EV 103.1 MPH)
|
Pitching: RHP Tim Bemish
|
|
Batting: SHB Floyd-William Goof
|
0-0: Ball 1-0: Ball 2-0: Called Strike 2-1: Foul Ball, location: 2F 2-2: Ball 3-2: Fly out, F8 (Flyball, 78M, EV 97.5 MPH)
|
Top of the 7th over - 0 runs, 0 hits, 0 errors, 0 left on base; Seattle 1 - Detroit 3 |
BOTTOM OF THE 7TH |
Detroit Tigers batting - Pitching for Seattle Mariners : RHP Bas Kooy
|
Batting: SHB Ross Holland
|
0-0: Ball 1-0: Ball 2-0: Ball 3-0: Called Strike 3-1: Foul Ball, location: 2F 3-2: Base on Balls
|
Pitching: RHP Aidan Martin
|
|
Batting: RHB Andres Leon
|
0-0: Called Strike 0-1: Foul Ball, location: 2F 0-2: Ball 1-2: Ball 2-2: Foul Ball, location: 2F 2-2: Fly out, F8 (Line Drive, 8LXD, EV 101.9 MPH)
|
Batting: LHB Tyler Davis
|
0-0: Called Strike 0-1: Swinging Strike 0-2: Ball 1-2: Strikes out swinging
|
Batting: RHB Victor Quinones
|
0-0: Ball 1-0: Foul Ball, location: 2F 1-1: Called Strike 1-2: Strikes out swinging
|
Bottom of the 7th over - 0 runs, 0 hits, 0 errors, 1 left on base; Seattle 1 - Detroit 3 |
TOP OF THE 8TH |
Seattle Mariners batting - Pitching for Detroit Tigers : RHP Tim Bemish
|
Pitching: RHP Joe Bradford
|
|
Batting: RHB Pavpv Ivanushkin
|
0-0: Foul Ball, location: 2F 0-1: Ball 1-1: Ball 2-1: Swinging Strike 2-2: Strikes out looking
|
Batting: RHB Kaeo Zirpoli
|
0-0: Ball 1-0: Swinging Strike 1-1: Ball 2-1: Swinging Strike 2-2: Ground out 3-1 (Groundball, 34, EV 88.1 MPH)
|
Batting: LHB Bi-jun Chien
|
0-0: Ball 1-0: Called Strike 1-1: Ball 2-1: Ball 3-1: Base on Balls
|
Batting: RHB Jimmy Hammertime
|
0-0: Ball 1-0: Ball 2-0: Ball 3-0: Base on Balls Bi-jun Chien to second
|
Batting: RHB Harutomi Matsubara
|
0-0: Ball 1-0: Foul Ball, location: 2F 1-1: SINGLE (Groundball, 56D, EV 102.5 MPH) Bi-jun Chien to third Jimmy Hammertime to second Runner from 3rd tries for Home, SAFE, throw by LF to home
|
Pinch Runner at 2nd Malik Brookshire:
|
|
Batting: RHB Corey Ottinger
|
0-0: Called Strike 0-1: Ball 1-1: SINGLE (Groundball, 6MD, EV 105.6 MPH) Malik Brookshire to third Harutomi Matsubara to second Runner from 3rd tries for Home, SAFE, throw by CF to home
|
Pitching: RHP Steve McGaughey
|
|
Batting: LHB Dae-ik Yoon
|
0-0: Ball 1-0: Fly out, F8 (Flyball, 8RM, EV 86.2 MPH)
|
Top of the 8th over - 2 runs, 2 hits, 0 errors, 2 left on base; Seattle 3 - Detroit 3 |
BOTTOM OF THE 8TH |
Detroit Tigers batting - Pitching for Seattle Mariners : RHP Aidan Martin
|
Pitching: LHP Jose Rodriguez
|
|
Now at 2B: Malik Brookshire
|
|
Now at 3B: Corey Ottinger
|
|
Pinch Hitting: RHB Greg Harman
|
0-0: Foul Ball, location: 2F 0-1: Fly out, F8 (Flyball, 8RM, EV 92.5 MPH)
|
Pitching: RHP Tom Graham
|
|
Batting: RHB Adrian Novakovic
|
0-0: Foul Ball, location: 2F 0-1: Ball 1-1: SINGLE (Groundball, 6M, EV 90.0 MPH) (infield hit)
|
Pitching: RHP David Sly
|
|
Batting: RHB Dave Reynolds
|
0-0: Ball 1-0: Ball 2-0: Called Strike 2-1: Foul Ball, location: 2F 2-2: Strikes out swinging
|
Batting: RHB Chris Wheatley
|
0-0: Called Strike 0-1: Ball 1-1: Ball 2-1: Called Strike 2-2: Ball 3-2: SINGLE (Line Drive, 9S, EV 110.0 MPH) Adrian Novakovic to second Adrian Novakovic to third
|
Batting: LHB Emmanuel Gaskin
|
0-0: Swinging Strike 0-1: Ball 1-1: Foul Ball, location: 2F 1-2: Foul Ball, location: 2F 1-2: Strikes out looking
|
Bottom of the 8th over - 0 runs, 2 hits, 0 errors, 2 left on base; Seattle 3 - Detroit 3 |
TOP OF THE 9TH |
Seattle Mariners batting - Pitching for Detroit Tigers : RHP Steve McGaughey
|
Now in LF: Tyler Davis
|
|
Now in RF: Luke Feeney
|
|
Batting: RHB Jose Vasquez
|
0-0: SINGLE (Line Drive, 8LS, EV 100.0 MPH)
|
Batting: SHB Floyd-William Goof
|
0-0: Fly out, F8 (Flyball, 8RS, EV 91.9 MPH)
|
Batting: RHB Pavpv Ivanushkin
|
0-0: Ball 1-0: Ball 2-0: Ball 3-0: Called Strike 3-1: Foul Ball, location: 2F 3-2: Fly out, F8 (Flyball, 8RD, EV 98.8 MPH)
|
Batting: RHB Kaeo Zirpoli
|
0-0: Called Strike 0-1: Foul Ball, location: 2F 0-2: Ball Jose Vasquez steals 2nd base (no throw) 1-2: Fly out, F9 (Flyball, 9D, EV 91.2 MPH)
|
Top of the 9th over - 0 runs, 1 hit, 0 errors, 1 left on base; Seattle 3 - Detroit 3 |
BOTTOM OF THE 9TH |
Detroit Tigers batting - Pitching for Seattle Mariners : RHP David Sly
|
Batting: SHB Ross Holland
|
0-0: Ball 1-0: Foul Ball, location: 2F 1-1: DOUBLE (Line Drive, 7LM, EV 108.1 MPH)
|
Batting: RHB Andres Leon
|
0-0: Called Strike 0-1: Called Strike 0-2: Ground out 4-3 (Groundball, 34D, EV 79.4 MPH) Ross Holland to third
|
Batting: LHB Tyler Davis
|
0-0: Foul Ball, location: 2F 0-1: Swinging Strike 0-2: Foul Ball, location: 2F 0-2: Strikes out swinging
|
Batting: RHB Victor Quinones
|
0-0: Foul Ball, location: 2F 0-1: Ball 1-1: Ground out 2-3 (Groundball, 15S, EV 68.1 MPH)
|
Bottom of the 9th over - 0 runs, 1 hit, 0 errors, 1 left on base; Seattle 3 - Detroit 3 |
TOP OF THE 10TH |
Seattle Mariners batting - Pitching for Detroit Tigers : RHP Steve McGaughey
|
Batting: LHB Bi-jun Chien
|
0-0: Fly out, F8 (Flyball, 78D, EV 87.5 MPH)
|
Batting: RHB Malik Brookshire
|
0-0: Ball 1-0: SOLO HOME RUN (Flyball, 7D, EV 94.4 MPH), Distance : 376 ft
|
Batting: RHB Harutomi Matsubara
|
0-0: Ball 1-0: Fly out, F8 (Flyball, 8RS, EV 90.6 MPH)
|
Batting: RHB Corey Ottinger
|
0-0: Called Strike 0-1: Foul Ball, location: 2F 0-2: Ball 1-2: Ball 2-2: Fly out, F6 (Line Drive, 6D, EV 68.8 MPH)
|
Top of the 10th over - 1 run, 1 hit, 0 errors, 0 left on base; Seattle 4 - Detroit 3 |
BOTTOM OF THE 10TH |
Detroit Tigers batting - Pitching for Seattle Mariners : RHP David Sly
|
Pitching: RHP Omar Colunga
|
|
Batting: RHB Luke Feeney
|
0-0: Swinging Strike 0-1: Ground out 6-3 (Groundball, 4MS, EV 76.9 MPH)
|
Batting: RHB Adrian Novakovic
|
0-0: Ball 1-0: Ball 2-0: Foul Ball, location: 2F 2-1: Swinging Strike 2-2: Foul Ball, location: 2F 2-2: Ball 3-2: Strikes out swinging
|
Batting: RHB Dave Reynolds
|
0-0: Called Strike 0-1: Foul Ball, location: 2F 0-2: Foul Ball, location: 2F 0-2: Ball 1-2: Ball 2-2: Ball 3-2: Base on Balls
|
Batting: RHB Chris Wheatley
|
0-0: Called Strike 0-1: Ball 1-1: DOUBLE (Flyball, 78XD, EV 90.0 MPH) Dave Reynolds to third
|
Batting: LHB Emmanuel Gaskin
|
0-0: Ball 1-0: Ball 2-0: Called Strike 2-1: Fly out, F8 (Flyball, 8LM, EV 85.0 MPH)
|
Bottom of the 10th over - 0 runs, 1 hit, 0 errors, 2 left on base; Seattle 4 - Detroit 3 |
|